 Dungeon Crawl Stone Soup version 0.21.1-1-g345015f (webtiles) character file.

135 schauveau the Chopper (level 4, -1/40 HPs)
             Began as a Deep Dwarf Fighter on June 17, 2018.
             Killed by divine providence
             ... invoked by an orc priest
              (13 damage)
             ... on level 4 of the Dungeon.
             The game lasted 00:05:10 (1811 turns).

schauveau the Chopper (Deep Dwarf Fighter)          Turns: 1811, Time: 00:05:11

Health: -1/40      AC: 11    Str: 20    XL:     4   Next: 97%
Magic:  4/4        EV:  3    Int: 13    God:
Gold:   102        SH: 10    Dex: 12    Spells: 3/3 levels left

rFire    . . .     SeeInvis .   a - +0 war axe
rCold    . . .     Gourm    .   c - +1 shield
rNeg     . . .     Faith    .   p - +0 plate armour
rPois    .         Spirit   .   (no helmet)
rElec    .         Reflect  .   (no cloak)
rCorr    .         Harm     .   (no gloves)
MR       .....                  (no boots)
Stlth    ..........             (no amulet)
HPRegen  0.00/turn              v - +4 ring of intelligence
MPRegen  0.09/turn              (no ring)

@: non-regenerating
A: damage resistance, heal wounds, sense surroundings 1, no regeneration
a: Heal Wounds


You were on level 4 of the Dungeon.
You were not hungry.

You visited 1 branch of the dungeon, and saw 4 of its levels.

You collected 102 gold pieces.

Inventory:

Hand Weapons
 a - a +0 war axe (weapon)
 s - a +0 flail
Missiles
 h - 38 poisoned needles
Armour
 c - a +1 shield (worn)
 p - a +0 plate armour (worn)
Jewellery
 v - a +4 ring of intelligence (left hand)
Wands
 j - a wand of flame (16)
Scrolls
 q - a scroll of enchant armour
 r - 2 scrolls of remove curse
 t - a scroll of blinking {unknown}
 z - a scroll of fog
Potions
 d - 2 potions of might
 g - a potion of cancellation
 k - a potion of brilliance
 n - a potion of agility
 o - 3 potions of heal wounds
 u - a potion of magic
 w - a potion of curing {unknown}
Books
 m - a book of Minor Magic

   Spells                             Type                      Level
   a - Magic Dart                     Conjuration                  1
   b - Blink                          Translocation                2
   c - Call Imp                       Summoning                    2
   d - Slow                           Hexes                        2
   e - Conjure Flame                  Conjuration/Fire             3
   f - Mephitic Cloud                 Conjuration/Poison/Air       3
Comestibles
 f - 7 rations


   Skills:
 - Level 2.6 Fighting
 * Level 5.7 Axes
 - Level 3.2 Armour
 - Level 3.2 Shields


You had 3 spell levels left.
You didn't know any spells.

Dungeon Overview and Level Annotations

Branches:
Dungeon (4/15)
 Temple: D:4-7

Altars:
Yredelemnul

Annotations:
D:4 Dowan; tidbits's ghost, weakling GnNe


Innate Abilities, Weirdness & Mutations

You are resistant to damage.
You can heal yourself by infusing magical energy.
You passively map a small area around you.
You do not regenerate.


Message History

The orc priest begins to cast a cantrip, but forgets the words!
Dowan mumbles some strange words.
Dowan blinks!
Tidbits's ghost hits you but does no damage.
You closely miss tidbits's ghost.
Tidbits's ghost is lightly damaged.
Tidbits's ghost casts a spell at you. Pain shoots through your body!
* * * LOW HITPOINT WARNING * * *
You closely miss tidbits's ghost.
Tidbits's ghost is lightly damaged.
Tidbits's ghost gestures wildly while chanting.
Tidbits's ghost's wounds begin to heal before your eyes!
Tidbits's ghost hits you but does no damage.
An orc comes into view. It is wielding a mace.
You hit tidbits's ghost but do no damage.
Tidbits's ghost is lightly damaged.
The orc priest calls down the wrath of Beogh upon you.
Beogh smites you!
You die...

*,**,* *,,,,*
#..#*,,,,**,,, *,**,*
*,*#.# ##.#****,,,,,,
*,**,***,*#.#
#.#,,,,,,,,,,
*,**,,,,,*#.#
#§#,***,,,,,,
*,**,,****#.#
##§#,#,,,**,,,
*,**,,* #.#
#§§#.#...,*,,,
*,**,,* #.#
#§§§...._.,,,,
*,,,,** #.#
#§#§..#...,*,* *,****
#@# #.#...#*,,,*,*
*,* #W#
#)#.....,***,* *,*
#o# #.#......,,,,*
***
####o###.#......#****
#........####...# *
#.......## *,*** *
#...o...# *** *
#..e.e..# **#.......#


You could see Duvessa, Dowan, an orc priest, tidbits's ghost and 2 orcs.

Vanquished Creatures
  The ghost of p0werm0de the Grave Robber, a weakling OpNe (D:3)
  Terence (D:2)
  2 adders (D:2)
  2 oozes
  2 worms (D:2)
  A leopard gecko (D:1)
  2 orcs
  5 bats
  2 giant cockroaches
  3 goblins
  A hobgoblin (D:1)
  7 jackals
  A quokka (D:2)
  A ball python (D:2)
  A frilled lizard (D:2)
  3 kobolds (D:2)
  8 rats
43 creatures vanquished.

Notes
Turn   | Place    | Note
-------+----------+-------------------------------------------
     0 | D:1      | schauveau the Deep Dwarf Fighter began the quest for the Orb.
     0 | D:1      | Reached XP level 1. HP: 20/20 MP: 1/1
   134 | D:2      | Reached skill level 3 in Axes
   134 | D:2      | Reached XP level 2. HP: 25/27 MP: 2/2
   287 | D:3      | Noticed p0werm0de's ghost (weakling OpNe)
   298 | D:3      | Killed p0werm0de's ghost
   298 | D:3      | Reached skill level 4 in Axes
   298 | D:3      | Reached XP level 3. HP: 10/33 MP: 3/3
   434 | D:2      | Reached XP level 4. HP: 11/40 MP: 4/4
   515 | D:2      | Noticed Terence
   535 | D:2      | Reached skill level 5 in Axes
   546 | D:2      | Killed Terence
  1742 | D:4      | Found a basalt altar of Yredelemnul.
  1794 | D:4      | Noticed tidbits's ghost (weakling GnNe)
  1801 | D:4      | Noticed Dowan
  1811 | D:4      | Killed from afar by an orc priest

Skill      XL: |  1  2  3  4 |
---------------+-------------+-----
Axes           | 3 4 5 |  5.7
Fighting       | |  2.6
Armour         | |  3.2
Shields        | |  3.2

Action                   |  1- 3 |  4- 6 || total
-------------------------+-------+-------++-------
Melee: War axe           |    47 |    89 ||   136
 Abil: Heal Wounds       |       |     1 ||     1
  Use: Potion            |     1 |       ||     1
       Scroll            |       |    12 ||    12
  Eat: Chunk             |       |     3 ||     3
Armor: Scale mail        |    11 |       ||    11
       Plate armour      |     7 |    59 ||    66
Dodge: Dodged            |    10 |    13 ||    23
Block: Shield            |    18 |    44 ||    62
